 Dungeon Crawl Stone Soup version 0.24-a0-130-ga3c21ff (webtiles) character file.

Game seed: 3988873711500036059

544 Borgoz the Ruffian (level 7, 0/58 HPs)
             Began as a Ghoul Enchanter on Feb 26, 2019.
             Was an Initiate of Ashenzari.
             Slain by an ogre
             ... wielding a +0 giant club
              (24 damage)
             ... on level 4 of the Dungeon.
             The game lasted 00:10:42 (4909 turns).

Borgoz the Ruffian (Ghoul Enchanter)                Turns: 4909, Time: 00:10:43

Health: 0/58       AC:  5    Str:  9 (12) XL:     7   Next: 27%
Magic:  8/8        EV: 10    Int:  8 (10) God:    Ashenzari [......]
Gold:   178        SH:  0    Dex:  8 (11) Spells: 6/9 levels left

rFire    . . .     SeeInvis .     - Unarmed
rCold    + . .     Gourm    .   (no shield)
rNeg     + + +     Faith    .   c - +0 ring mail (curse)
rPois    ∞         Spirit   .   (no helmet)
rElec    .         Reflect  .   (no cloak)
rCorr    .         Harm     .   (no gloves)
MR       .....                  (no boots)
Stlth    ++........             (no amulet)
HPRegen  0.00/turn              (no ring)
MPRegen  0.11/turn              (no ring)

@: rotting
A: rotting body, claws 1, carnivore, cold resistance 1, negative energy
resistance 3, inhibited regeneration, torment resistance, unbreathing
a: Curse Item, Renounce Religion


You were on level 4 of the Dungeon.
You worshipped Ashenzari.
Ashenzari was noncommittal.
You were not hungry.

You visited 1 branch of the dungeon, and saw 4 of its levels.
You also visited: Sewer.

You collected 178 gold pieces.

Inventory:

Armour
 b - a +0 leather armour
 c - a cursed +0 ring mail (worn)
Jewellery
 g - an uncursed ring of ice
Scrolls
 e - a scroll of remove curse
 h - 4 scrolls of teleportation {unknown}
 j - a scroll of random uselessness {unknown}
 l - 2 scrolls of amnesia
Potions
 a - a potion of might {unknown}
 f - a potion of resistance
 n - a potion of flight
Comestibles
 d - 7 rations
 i - a chunk of flesh


   Skills:
 + Level 3.7 Fighting
   Level 0.8 Short Blades
 + Level 0.0 Armour
 + Level 1.9 Dodging
 - Level 5.4 Stealth
 * Level 5.5 Unarmed Combat
 + Level 1.9 Spellcasting
 - Level 2.4 Hexes


You had 6 spell levels left.
You knew the following spells:

 Your Spells              Type           Power        Failure   Level  Hunger
a - Corona                Hex            #......      36%         1    ##.....
b - Ensorcelled Hibernat  Hex/Ice        #.....       67%         2    ###....

Your spell library contained the following spells:

 Spells                   Type           Power        Failure   Level  Hunger
 Confuse                  Hex            #.......     75%         3    ####...
 Tukima's Dance           Hex            #.......     75%         3    ####...
 Dazzling Spray           Conj/Hex       #.....       88%         3    ####...


Dungeon Overview and Level Annotations

Branches:
Dungeon (4/15)
 Temple: D:4-7

Altars:
Ashenzari
Makhleb
Ru


Innate Abilities, Weirdness & Mutations

Your body is rotting away.
You thrive on raw meat.
You are immune to poison.
You have sharp fingernails.
You are carnivorous and can eat meat at any time.
Your flesh is cold resistant. (rC+)
You are immune to negative energy. (rN+++)
You do not regenerate when monsters are visible.
You are immune to unholy pain and torment.
You can survive without breathing.


Message History

Press: ? - help, Shift-Dir - straight line, f - ogre
Aim: an ogre, wielding a +0 giant club (chance to defeat MR: 34%)
Okay, then.
You claw the ogre!
The ogre is moderately wounded.
The ogre hits you with a +0 giant club!!
You claw the ogre!
The ogre is heavily wounded.
The ogre hits you with a +0 giant club!
You are too injured to fight recklessly!
You see here a quokka corpse.
You butcher the quokka corpse.
The ogre barely misses you.
Things that are here:
2 chunks of flesh; a quokka skeleton You claw the ogre!
The ogre is almost dead.
You barely miss the ogre.
The ogre is almost dead.
The ogre hits you with a +0 giant club!!
You die...

###### ### #.##.# #.>##
<....# #....### .....#
#.....## .....##
##......## ..(...#
#........## #######
......#
#.....O@..#######.....##
......#
#...........##.........#
......#
#........#............##
..÷...#
#...)....##..........##
......##
##....#####.........####
..#....# #####
#............# .##....##
##.....###.... .####...#
#...### ###.. .# ##...##
#...# ##...


You could see an ogre.

Vanquished Creatures
  A phantom (D:4)
  A big kobold (Sewer)
  A scorpion (D:4)
  A howler monkey (D:4)
  2 iguanas (D:4)
  An orc wizard (D:3)
  3 worker ants (D:4)
  An adder (D:4)
  3 river rats
  2 worms
  3 dart slugs
  5 leopard geckos
  3 orcs (D:3)
  9 giant cockroaches
  4 goblins
  5 hobgoblins
  9 jackals
  5 quokkas
  A ball python (D:3)
  12 bats
  4 frilled lizards
  14 kobolds
  7 rats
97 creatures vanquished.

Notes
Turn   | Place    | Note
-------+----------+-------------------------------------------
     0 | D:1      | Borgoz the Ghoul Enchanter began the quest for the Orb.
     0 | D:1      | Reached XP level 1. HP: 14/14 MP: 2/2
   585 | D:1      | Reached skill level 1 in Unarmed Combat
   585 | D:1      | Reached XP level 2. HP: 17/20 MP: 1/3
   806 | D:1      | Reached skill level 1 in Fighting
  1074 | D:1      | Reached XP level 3. HP: 27/28 MP: 4/4
  1444 | D:2      | Found a burning altar of Makhleb.
  1520 | D:2      | Found a shattered altar of Ashenzari.
  1747 | D:2      | Became a worshipper of Ashenzari the Shackled
  2232 | D:3      | Reached XP level 4. HP: 13/35 MP: 3/5
  2431 | D:3      | Found a glowing drain.
  2438 | Sewer    | Entered a sewer
  2506 | Sewer    | Noticed a big kobold
  2546 | Sewer    | Killed a big kobold
  2546 | Sewer    | Reached XP level 5. HP: 22/42 MP: 6/6
  2600 | Sewer    | Found a white marble altar of Elyvilon.
  3139 | D:3      | Found a sacrificial altar of Ru.
  3242 | D:3      | Reached XP level 6. HP: 49/49 MP: 7/7
  3346 | D:3      | Reached * piety under Ashenzari
  3595 | D:4      | Learned a level 2 spell: Ensorcelled Hibernation
  3631 | D:4      | Noticed a phantom
  3645 | D:4      | Reached skill level 5 in Stealth
  3711 | D:4      | Killed a phantom
  3711 | D:4      | Reached skill level 5 in Unarmed Combat
  4262 | D:4      | Reached XP level 7. HP: 56/57 MP: 8/8
  4909 | D:4      | Slain by an ogre

Levels and vault maps discovered:
D:1:      dpeg_arrival_concentric_ovals, layout_basic, chequers_garden
D:2:      layout_loops_cross, bloody_makhleb, nicolae_ashenzari_panopticon
D:3:      layout_basic, marbit_many_paths, gup_sewer_entry_bubbles,
          small_statue_intersection
D:4:      layout_cave_pods, first_ration, minmay_quadrilaterals
Sewer:    sewer_kobolds

Skill      XL: |  1  2  3  4  5  6 |
---------------+-------------------+-----
Unarmed Combat | 1 2 3 4 5 |  5.5
Fighting       | 1 2 3 |  3.7
Stealth        | 4 5 |  5.4
Short Blades   | |  0.8
Dodging        | |  1.9
Spellcasting   | |  1.9
Hexes          | |  2.4

Action                   |  1- 3 |  4- 6 |  7- 9 || total
-------------------------+-------+-------+-------++-------
Melee: Dagger            |    18 |       |       ||    18
       Unarmed           |   147 |   271 |    26 ||   444
       Punch             |       |     2 |       ||     2
 Cast: Corona            |    10 |    13 |     1 ||    24
       Ensorcelled Hiber |       |       |     1 ||     1
Invok: Curse Item        |     1 |       |       ||     1
  Use: Potion            |     2 |     8 |     1 ||    11
       Scroll            |     4 |     2 |       ||     6
 Stab: Sleeping          |     2 |     4 |     1 ||     7
       Invisible         |     1 |       |       ||     1
  Eat: Chunk             |     8 |    20 |     1 ||    29
Armor: Robe              |     2 |       |       ||     2
       Ring mail         |    55 |   102 |     5 ||   162
Dodge: Dodged            |    83 |   139 |     9 ||   231

Table legend:
 A = Non-vault XP
 B = Vault XP
 C = Vault XP percentage of total XP
 D = Non-vault monster count
 E = Vault monster count
 F = Vault count percentage of total count
                 A         B        C        D         E       F
            +---------+---------+-------+---------+---------+-------
      Total |     462 |     316 |  40.6 |      76 |      21 |  21.6
            +---------+---------+-------+---------+---------+-------
        D:1 |      43 |       0 |   0.0 |      23 |       0 |   0.0
        D:2 |      33 |       0 |   0.0 |      15 |       0 |   0.0
        D:3 |      85 |      22 |  20.6 |      27 |       5 |  15.6
        D:4 |     301 |     156 |  34.1 |      11 |       4 |  26.7
      Sewer |       0 |     138 | 100.0 |       0 |      12 | 100.0
            +---------+---------+-------+---------+---------+-------
